 Dungeon Crawl Stone Soup version 0.20.1-1-g8b1a95d (webtiles) character file.

63 Dawnplanks the Skirmisher (level 3, -3/30 HPs)
             Began as a Demonspawn Abyssal Knight on Nov 25, 2017.
             Was a Believer of Lugonu.
             Killed from afar by Natasha (7 damage)
             ... with a magic dart
             ... on level 2 of the Dungeon.
             The game lasted 00:05:14 (1185 turns).

Dawnplanks the Skirmisher (DsAK)                    Turns: 1185, Time: 00:05:15

Health: -3/30      AC:  3    Str: 13    XL:     3   Next: 87%
Magic:  1/4        EV: 11    Int: 13    God:    Lugonu [**....]
Gold:   92         SH:  0    Dex: 12    Spells: 2/2 levels left

rFire    . . .     SeeInvis .   a - +1 hand axe
rCold    . . .     Gourm    .   (no shield)
rNeg     . . .     Faith    .   b - +0 leather armour
rPois    .         Spirit   .   (no helmet)
rElec    .         Reflect  .   (no cloak)
rCorr    .         Harm     .   (no gloves)
MR       .....                  (no boots)
Stlth    ..........             (no amulet)
Regen    0.1/turn               f - ring of loudness
MPRegen  0.1/turn               (no ring)

@: slowed, very slow
A: rot immunity
a: Depart the Abyss, Bend Space, Renounce Religion


You were on level 2 of the Dungeon.
You worshipped Lugonu.
Lugonu was pleased with you.
You were hungry.

You visited 1 branch of the dungeon, and saw 2 of its levels.
You visited the Abyss 1 time.

You collected 92 gold pieces.

Inventory:

Hand Weapons
 a - a +1 hand axe (weapon)
Armour
 b - a +0 leather armour (worn)
 k - a +0 robe
Magical Staves
 l - an uncursed staff of summoning
Jewellery
 f - a ring of loudness (left hand)
Scrolls
 i - a scroll of magic mapping
Potions
 d - a potion of haste
 g - 4 potions of curing {unknown}
 h - 3 potions of heal wounds {unknown}
 m - a potion of flight {unknown}
Comestibles
 c - 2 bread rations


   Skills:
 + Level 3.7 Fighting
 + Level 2.9 Axes
 + Level 2.1 Armour
 + Level 1.0 Dodging
 + Level 2.4 Invocations


You had 2 spell levels left.
You didn't know any spells.

Dungeon Overview and Level Annotations

Branches:
Dungeon (2/15)

Altars:

Annotations:
D:2 Natasha


Innate Abilities, Weirdness & Mutations

You are immune to rotting.


Message History

As you read the scroll labeled VIMOAT DYUC, it crumbles to dust.
You feel as if something is helping you.
It was a scroll of remove curse.
Natasha claws you. Natasha claws you but does no damage.
As you read the scroll labeled VUKLAGUIRUW, it crumbles to dust.
You hear a loud clanging noise!
It was a scroll of noise.
You feel yourself speed up.
You hear an angry hiss.
Natasha closely misses you. x2; Natasha barely misses you.
You hit Natasha.
Natasha is heavily wounded.
Natasha stares at you and mumbles some strange words.
You feel yourself slow down.
The crimson imp blinks!
Natasha claws you!
* * * LOW HITPOINT WARNING * * *
You closely miss Natasha.
Natasha is heavily wounded.
Natasha casts a spell at you. The magic dart hits you!
You die...

....#.# #### ###....
†####.# .h.##....# ..#
#.# #..#.... #.# #.#
#.....### #.###.#
###### #..h....#
......# .... ###.....#
#..#### #. #.###
#....#..# #..#
##.#####§..###....####
...#
#......@h.......###
.#.#
##..#####..5##.#...#
...#
##...#####.####..5..#
<### ##..........#
####.## ..#
#.......##### #.###
..# #.......#
########.5. ..#
#.......#
.......#.####
..######.....##
............#
......###...####
.......#.##.#


You could see Natasha and a crimson imp.

Vanquished Creatures
  Jessica (D:2)
  A worm (D:2)
  A leopard gecko (D:1)
  2 bats (D:1)
  A giant cockroach (D:1)
  5 goblins
  4 hobgoblins
  4 kobolds
  3 ball pythons
  A frilled lizard (D:1)
  8 rats
31 creatures vanquished.

Notes
Turn   | Place    | Note
-------+----------+-------------------------------------------
     0 | Abyss:1  | Dawnplanks the Demonspawn Abyssal Knight began the quest for the Orb.
     0 | Abyss:1  | Reached XP level 1. HP: 18/18 MP: 2/2
     0 | Abyss:1  | Found a corrupted altar of Lugonu.
    14 | D:1      | Escaped the Abyss
   107 | D:1      | Gained mutation: You are immune to rotting. [demonic ancestry]
   107 | D:1      | Reached XP level 2. HP: 20/24 MP: 3/3
   399 | D:1      | Reached ** piety under Lugonu
   811 | D:2      | Reached XP level 3. HP: 24/29 MP: 4/4
  1045 | D:2      | Noticed Jessica
  1052 | D:2      | Killed Jessica
  1052 | D:2      | Reached skill level 1 in Dodging
  1170 | D:2      | Noticed Natasha
  1185 | D:2      | Killed from afar by Natasha

Skill      XL: |  1  2  3 |
---------------+----------+-----
Axes           | 2 |  2.9
Armour         | 2 |  2.1
Dodging        | 1 |  1.0
Fighting       | |  3.7
Invocations    | |  2.4

Action                   || total
-------------------------++-------
Melee: Hand axe          ||    86
Invok: Bend Space        ||     4
  Use: Scroll            ||     3
Armor: Leather armour    ||    34
Dodge: Dodged            ||    52
